[Event "Ural District-ch Women 2020"]
[Site "Chelyabinsk"]
[Date "2020.10.03"]
[Round "7.5"]
[White "Shnayder, Violetta"]
[Black "Kalenichenko, Alina"]
[Result "1-0"]
[ECO "A05"]
[WhiteElo "1917"]
[BlackElo "1513"]
[Annotator "ChessBase"]
[PlyCount "109"]
[EventDate "2020.10.01"]
[EventType "swiss"]
[EventCountry "RUS"]
[SourceTitle "playchess.com"]
[Source "ChessBase"]
[SourceQuality "1"]
[TimeControl "5400+30"]

1. Nf3 Nf6 2. g3 g6 3. b3 Bg7 4. Bb2 O-O 5. Bg2 c5 6. c4 Nc6 7. O-O d6 8. d4 cxd4 9. Nxd4 Qb6 10. Nxc6 bxc6 11. e4 Bg4 12. Qc2 Nd7 13. Bxg7 Kxg7 14. h3 Be6 15. Qc3+ f6 16. Kh2 Bf7 17. f4 h5 18. Nd2 Rad8 19. Rad1 e5 20. Nf3 Nc5 21. Nh4 Ne6 22. f5 Nd4 23. Nf3 c5 24. fxg6 Bxg6 25. Nh4 Rd7 26. Bf3 Rh8 27. g4 hxg4 28. Bxg4 Rxh4 29. Bxd7 Rxe4 30. Qg3 Re2+ 31. Rf2 Rxf2+ 32. Qxf2 Qb7 33. Bg4 f5 34. Be2 Qb4 35. Qg2 Nxe2 36. Qxe2 Qb8 37. Qg2 e4 38. Qg3 Qe8 39. h4 Kh7 40. Qxd6 e3 41. Qd7+ Qxd7 42. Rxd7+ Kh6 43. Kg3 e2 44. Kf2 Bh5 45. Rxa7 Bg4 46. a4 Kh5 47. Rh7+ Kg6 48. Rh8 f4 49. a5 Bf3 50. a6 Kf5 51. a7 Kg4 52. Re8 e1=Q+ 53. Kxe1 Kxh4 54. a8=Q Bxa8 55. Rxa8 1-0

[Event "Ural District-ch Women 2020"]
[Site "Chelyabinsk"]
[Date "2020.10.04"]
[Round "8.1"]
[White "Semenova, Elena"]
[Black "Shnayder, Violetta"]
[Result "1-0"]
[ECO "B40"]
[WhiteElo "2283"]
[BlackElo "1923"]
[Annotator "ChessBase"]
[PlyCount "89"]
[EventDate "2020.10.01"]
[EventType "swiss"]
[EventCountry "RUS"]
[SourceTitle "playchess.com"]
[Source "ChessBase"]
[SourceQuality "1"]
[TimeControl "5400+30"]

1. e4 c5 2. Nf3 e6 3. d4 cxd4 4. Nxd4 Nf6 5. Nc3 Nc6 6. Nxc6 bxc6 7. e5 Nd5 8. Ne4 Qc7 9. f4 Qb6 10. c4 Bb4+ 11. Ke2 f5 12. Nf2 Qa6 13. Kf3 Nc7 14. Be3 Be7 15. Qc2 c5 16. Kg3 Bb7 17. Be2 g5 18. Bh5+ Kf8 19. fxg5 d6 20. Bf4 Rg8 21. h4 Ne8 22. Qc3 Rd8 23. Rad1 d5 24. b3 d4 25. Qd2 Ng7 26. Be2 Be4 27. Kh2 Qc6 28. Rhg1 d3 29. Bxd3 Bxd3 30. Nxd3 Nh5 31. Qe2 Qe8 32. Be3 h6 33. Nxc5 Qg6 34. Rxd8+ Bxd8 35. Rd1 Bc7 36. Qf3 Bxe5+ 37. Kg1 f4 38. Nd7+ Kg7 39. Nxe5 Qc2 40. Qb7+ Kh8 41. Rd8 Rxd8 42. Nf7+ Kg8 43. Nxh6+ Kh8 44. Bd4+ Rxd4 45. Qb8+ 1-0

[Event "Ural District-ch Women 2020"]
[Site "Chelyabinsk"]
[Date "2020.10.04"]
[Round "8.2"]
[White "Mikheeva, Galina"]
[Black "Mironenko, Galina"]
[Result "0-1"]
[ECO "B26"]
[WhiteElo "1901"]
[BlackElo "2100"]
[Annotator "ChessBase"]
[PlyCount "76"]
[EventDate "2020.10.01"]
[EventType "swiss"]
[EventCountry "RUS"]
[SourceTitle "playchess.com"]
[Source "ChessBase"]
[SourceQuality "1"]
[TimeControl "5400+30"]

1. e4 c5 2. Nc3 Nc6 3. g3 g6 4. Bg2 Bg7 5. d3 d6 6. Be3 Nf6 7. h3 e5 8. Nge2 Nd4 9. O-O O-O 10. f4 b5 11. fxe5 dxe5 12. Bxd4 cxd4 13. Nxb5 Qb6 14. a4 Bd7 15. Qd2 Bxb5 16. axb5 Qxb5 17. Rfb1 a5 18. c3 Nd7 19. b4 axb4 20. Rxa8 Rxa8 21. cxd4 exd4 22. Rxb4 Qa5 23. Qb2 Bf8 24. Rb5 Qe1+ 25. Kh2 Nc5 26. Nxd4 Bd6 27. e5 Bxe5 28. Bxa8 Qxg3+ 29. Kh1 Nxd3 30. Qg2 Nf2+ 31. Kg1 Nxh3+ 32. Kf1 Qd3+ 33. Qe2 Qxd4 34. Qc2 Qg1+ 35. Ke2 Qf2+ 36. Kd1 Qf1+ 37. Kd2 Bf4+ 38. Kc3 Qxb5 0-1

[Event "Ural District-ch Women 2020"]
[Site "Chelyabinsk"]
[Date "2020.10.04"]
[Round "8.3"]
[White "Baranova, Elizaveta"]
[Black "Mukhina, Jana"]
[Result "0-1"]
[ECO "B50"]
[WhiteElo "1620"]
[BlackElo "2068"]
[Annotator "ChessBase"]
[PlyCount "154"]
[EventDate "2020.10.01"]
[EventType "swiss"]
[EventCountry "RUS"]
[SourceTitle "playchess.com"]
[Source "ChessBase"]
[SourceQuality "1"]
[TimeControl "5400+30"]

1. e4 c5 2. Nf3 d6 3. c3 Nf6 4. Bc4 Nc6 5. Qe2 Bg4 6. O-O e6 7. Bb3 Be7 8. d3 h6 9. Bf4 O-O 10. h3 Bh5 11. Nbd2 a6 12. Bc2 b5 13. g4 Bg6 14. d4 cxd4 15. Nxd4 Nxd4 16. cxd4 d5 17. Be5 Bb4 18. Bxf6 Qxf6 19. Nf3 Qf4 20. Ne5 Bd6 21. Rfe1 Rac8 22. Bd3 Bxe5 23. dxe5 Qxe5 24. a4 dxe4 25. axb5 Qd5 26. Bxe4 Bxe4 27. Qxe4 Qxb5 28. Qe2 Rc4 29. b3 Qxb3 30. Rxa6 Rc3 31. h4 Rh3 32. Kg2 Rxh4 33. f3 Qb8 34. Qe5 Qxe5 35. Rxe5 Rc8 36. Re2 Rc1 37. Ra8+ Kh7 38. Ra7 Kg6 39. Rb2 h5 40. Rbb7 hxg4 41. Rxf7 gxf3+ 42. Kg3 Rh7 43. Rxf3 Rc5 44. Re7 Rg5+ 45. Kf2 Rh2+ 46. Kf1 e5 47. Re6+ Kh7 48. Re3 Rf5+ 49. Ke1 Rhh5 50. Kd2 Kg8 51. Kd3 Kf7 52. Rc6 Rh4 53. Rg3 g5 54. Rc7+ Ke6 55. Rc6+ Kd5 56. Rg6 Rh5 57. Ke3 Rh4 58. R6xg5 Rxg5 59. Rxg5 Rh3+ 60. Ke2 Kd4 61. Rg2 e4 62. Kd2 Ra3 63. Rg7 Ra2+ 64. Kd1 Kd3 65. Rd7+ Ke3 66. Rf7 Ra1+ 67. Kc2 Ke2 68. Rf4 e3 69. Rf6 Ra2+ 70. Kc3 Ra3+ 71. Kc2 Ra8 72. Rc6 Rd8 73. Rc7 Ke1 74. Rc6 e2 75. Rc7 Rd2+ 76. Kc1 Rd1+ 77. Kc2 Kf2 0-1

[Event "Ural District-ch Women 2020"]
[Site "Chelyabinsk"]
[Date "2020.10.04"]
[Round "8.4"]
[White "Filippova, Margarita"]
[Black "Stroganova, Karina"]
[Result "1-0"]
[ECO "A41"]
[WhiteElo "1931"]
[BlackElo "1825"]
[Annotator "ChessBase"]
[PlyCount "73"]
[EventDate "2020.10.01"]
[EventType "swiss"]
[EventCountry "RUS"]
[SourceTitle "playchess.com"]
[Source "ChessBase"]
[SourceQuality "1"]
[TimeControl "5400+30"]

1. d4 d6 2. c4 f5 3. g3 Nf6 4. Bg2 g6 5. Nc3 Bg7 6. Nh3 O-O 7. d5 a5 8. Nf4 Na6 9. h4 Nc5 10. h5 g5 11. h6 Bh8 12. Nh5 g4 13. Be3 e5 14. dxe6 Bxe6 15. Nd5 Nce4 16. Bd4 c6 17. Bxe4 cxd5 18. Bxd5 Bxd5 19. Bxf6 Bxf6 20. Qxd5+ Rf7 21. Kf1 Be5 22. Rd1 Qg5 23. c5 Rd8 24. Kg2 f4 25. gxf4 Bxf4 26. cxd6 Qxd5+ 27. Rxd5 Bxh6 28. Rh4 Kh8 29. Rxg4 Bf8 30. d7 b6 31. Rf4 Rxf4 32. Nxf4 Be7 33. Ne6 Rg8+ 34. Kf3 Bd8 35. e4 h6 36. e5 h5 37. Nxd8 1-0

[Event "Ural District-ch Women 2020"]
[Site "Chelyabinsk"]
[Date "2020.10.04"]
[Round "8.5"]
[White "Matsenko, Elena"]
[Black "Nasybullina, Dayana"]
[Result "1-0"]
[ECO "B40"]
[WhiteElo "1811"]
[BlackElo "1787"]
[Annotator "NA"]
[PlyCount "67"]
[EventDate "2020.10.01"]
[EventType "swiss"]
[EventCountry "RUS"]
[SourceTitle "playchess.com"]
[Source "ChessBase"]
[SourceQuality "1"]
[TimeControl "5400+30"]

1. e4 c5 2. Nf3 e6 3. d4 cxd4 4. Nxd4 Nf6 5. Bd3 Nc6 6. Nxc6 dxc6 7. O-O e5 8. Nd2 Bc5 9. h3 h6 10. Nc4 Qe7 11. a4 O-O 12. Qe2 b6 13. Bd2 Rd8 14. Rab1 a5 15. Bc3 Nd7 16. Kh1 Bb4 17. Bxb4 Qxb4 18. b3 Rb8 19. f4 Qc3 20. Qh5 exf4 21. Rxf4 f6 22. Rbf1 b5 23. axb5 Rxb5 24. e5 Nxe5 25. Nxe5 Rxe5 26. Qg6 f5 27. Rc4 Qd2 28. Qxc6 Re7 29. Qg6 Re1 30. Rcf4 Rf8 31. Qd6 Rxf1+ 32. Rxf1 Qg5 33. Bc4+ Kh7 34. Qxf8 1-0

[Event "Ural District-ch Women 2020"]
[Site "Chelyabinsk"]
[Date "2020.10.05"]
[Round "9.1"]
[White "Mironenko, Galina"]
[Black "Semenova, Elena"]
[Result "1/2-1/2"]
[ECO "B91"]
[WhiteElo "2100"]
[BlackElo "2283"]
[Annotator "ChessBase"]
[PlyCount "89"]
[EventDate "2020.10.01"]
[EventType "swiss"]
[EventCountry "RUS"]
[SourceTitle "playchess.com"]
[Source "ChessBase"]
[SourceQuality "1"]
[TimeControl "5400+30"]

1. e4 c5 2. Nf3 d6 3. d4 cxd4 4. Nxd4 Nf6 5. Nc3 a6 6. g3 g6 7. Bg2 Bg7 8. O-O O-O 9. a4 Bd7 10. Re1 Nc6 11. Nxc6 bxc6 12. a5 Ng4 13. h3 Ne5 14. Qe2 c5 15. Bd2 Nc6 16. Na4 Nd4 17. Qd1 Be6 18. Bc3 Rb8 19. e5 dxe5 20. Nxc5 Bd5 21. Nxa6 Bxg2 22. Kxg2 Rb5 23. Nb4 Rxa5 24. Rxa5 Qxa5 25. Bxd4 exd4 26. Nc6 Qa8 27. Qf3 e6 28. c3 dxc3 29. bxc3 Qa3 30. Nd4 Rc8 31. Re3 Qb2 32. Ne2 h5 33. Rd3 Qb5 34. Nd4 Qa4 35. Qb7 Qc4 36. Rf3 Rc7 37. Qb8+ Kh7 38. Qe8 Bxd4 39. cxd4 Kg7 40. Qd8 Rb7 41. Qf6+ Kh7 42. g4 Qd5 43. Qe5 Rd7 44. Qxd5 exd5 45. g5 1/2-1/2

[Event "Ural District-ch Women 2020"]
[Site "Chelyabinsk"]
[Date "2020.10.05"]
[Round "9.2"]
[White "Mukhina, Jana"]
[Black "Filippova, Margarita"]
[Result "1/2-1/2"]
[ECO "C54"]
[WhiteElo "2068"]
[BlackElo "1931"]
[Annotator "ChessBase"]
[PlyCount "37"]
[EventDate "2020.10.01"]
[EventType "swiss"]
[EventCountry "RUS"]
[SourceTitle "playchess.com"]
[Source "ChessBase"]
[SourceQuality "1"]
[TimeControl "5400+30"]

1. e4 e5 2. Nf3 Nc6 3. Bc4 Bc5 4. c3 Nf6 5. d4 exd4 6. cxd4 Bb4+ 7. Bd2 Nxe4 8. Bxb4 Nxb4 9. Bxf7+ Kxf7 10. Qb3+ d5 11. Ne5+ Ke8 12. Qxb4 Qg5 13. Nd2 Nxd2 14. Qxd2 Qxd2+ 15. Kxd2 Rf8 16. f3 a5 17. Rac1 Kd8 18. Rhe1 Ra6 19. Rc5 1/2-1/2

[Event "Ural District-ch Women 2020"]
[Site "Chelyabinsk"]
[Date "2020.10.05"]
[Round "9.3"]
[White "Chigaeva, Anastasia"]
[Black "Matsenko, Elena"]
[Result "1-0"]
[ECO "A05"]
[WhiteElo "2175"]
[BlackElo "1811"]
[Annotator "ChessBase"]
[PlyCount "105"]
[EventDate "2020.10.01"]
[EventType "swiss"]
[EventCountry "RUS"]
[SourceTitle "playchess.com"]
[Source "ChessBase"]
[SourceQuality "1"]
[TimeControl "5400+30"]

1. Nf3 Nf6 2. g3 b5 3. Bg2 Bb7 4. O-O e6 5. d3 d5 6. Nbd2 Be7 7. Qe1 Nbd7 8. e4 dxe4 9. dxe4 e5 10. Qe2 a6 11. b3 c5 12. Bb2 Qc7 13. a4 O-O 14. Nh4 Rfb8 15. Nf5 Bf8 16. Rfd1 Bc6 17. axb5 axb5 18. Ne3 Qb7 19. Qf3 Rxa1 20. Rxa1 Ra8 21. Nd5 Rxa1+ 22. Bxa1 Bd6 23. c4 Qa6 24. Qd1 h6 25. Bb2 Qa2 26. Qa1 Qxa1+ 27. Bxa1 b4 28. Nf1 Nxd5 29. exd5 Bb7 30. Ne3 g6 31. g4 Nf6 32. h4 Bc8 33. Bf3 Kf8 34. Kg2 Ke7 35. Bb2 Bd7 36. Bd1 Bc8 37. f3 Bd7 38. Bc2 Be8 39. Nd1 Bd7 40. Bc1 Ng8 41. Nf2 f5 42. h5 fxg4 43. Bxg6 gxf3+ 44. Kxf3 Be8 45. Bxe8 Kxe8 46. Ne4 Bf8 47. Be3 Kf7 48. Nxc5 Nf6 49. Ne6 e4+ 50. Kf4 Nxh5+ 51. Kxe4 Ng3+ 52. Kf3 Nf5 53. Nxf8 1-0

[Event "Ural District-ch Women 2020"]
[Site "Chelyabinsk"]
[Date "2020.10.05"]
[Round "9.4"]
[White "Shnayder, Violetta"]
[Black "Toledo Flores, Marianna"]
[Result "0-1"]
[ECO "B23"]
[WhiteElo "1923"]
[BlackElo "1579"]
[Annotator "ChessBase"]
[PlyCount "47"]
[EventDate "2020.10.01"]
[EventType "swiss"]
[EventCountry "RUS"]
[SourceTitle "playchess.com"]
[Source "ChessBase"]
[SourceQuality "1"]
[TimeControl "5400+30"]

1. e4 c5 2. Nc3 a6 3. f4 e6 4. Nf3 b5 5. d4 cxd4 6. Qxd4 Nc6 7. Qf2 Bb7 8. Bd3 Nf6 9. h3 d5 10. e5 Nd7 11. Be3 Rc8 12. O-O Be7 13. Rae1 g6 14. f5 Ncxe5 15. fxe6 fxe6 16. Nxe5 Nxe5 17. Bb6 Qd6 18. Rxe5 Qxe5 19. Re1 Qd6 20. Bd4 Rf8 21. Qe2 Kd7 22. b4 Bd8 23. Qe3 Bc7 24. Qe2 0-1

[Event "Ural District-ch Women 2020"]
[Site "Chelyabinsk"]
[Date "2020.10.05"]
[Round "9.5"]
[White "Baranova, Elizaveta"]
[Black "Mikheeva, Galina"]
[Result "0-1"]
[ECO "C50"]
[WhiteElo "1620"]
[BlackElo "1901"]
[Annotator "ChessBase"]
[PlyCount "62"]
[EventDate "2020.10.01"]
[EventType "swiss"]
[EventCountry "RUS"]
[SourceTitle "playchess.com"]
[Source "ChessBase"]
[SourceQuality "1"]
[TimeControl "5400+30"]

1. e4 e5 2. Nf3 Nc6 3. Bc4 Bc5 4. Nc3 Nf6 5. d3 d6 6. Be3 Bb6 7. d4 exd4 8. Nxd4 Ne5 9. Be2 d5 10. exd5 Nxd5 11. Nxd5 Qxd5 12. f3 O-O 13. O-O Rd8 14. c3 Nc6 15. Qc1 Nxd4 16. cxd4 Bxd4 17. Rd1 c5 18. Bxd4 cxd4 19. Bc4 Qd6 20. Qg5 Be6 21. Bd3 Rac8 22. Qh4 g6 23. f4 f5 24. Re1 Bf7 25. Qg5 Rc7 26. Bxf5 d3 27. b3 d2 28. Rf1 Qd4+ 29. Kh1 Rc5 30. Qe7 Rxf5 31. Qxb7 Qxa1 0-1